 Dungeon Crawl Stone Soup version 0.21.1-1-g345015f (webtiles) character file.

107 sking99 the Sneak (level 4, 0/36 HPs)
             Began as a Naga Enchanter on June 24, 2018.
             Slain by an orc
             ... wielding a +1 flail of protection
              (1 damage)
             ... on level 3 of the Dungeon.
             The game lasted 00:10:33 (2144 turns).

sking99 the Sneak (Naga Enchanter)                  Turns: 2144, Time: 00:10:34

Health: 0/36       AC:  6    Str:  9 (11) XL:     4   Next: 86%
Magic:  2/7        EV:  8    Int: 13 (16) God:
Gold:   90         SH:  0    Dex: 10 (11) Spells: 5/8 levels left

rFire    . . .     SeeInvis +   h - +2 dagger (speed)
rCold    . . .     Gourm    .   (no shield)
rNeg     . . .     Faith    .   b - +0 robe
rPois    +         Spirit   .   (no helmet)
rElec    .         Reflect  .   (no cloak)
rCorr    .         Harm     .   (no gloves)
MR       .....                  f - +0 naga barding
Stlth    +++.......             (no amulet)
HPRegen  0.12/turn              (no ring)
MPRegen  0.10/turn              (no ring)

@: very slow
A: large, see invisible, deformed body, poison resistance, slowness 2, slow
metabolism 1, spit poison 1, AC +1
a: Spit Poison


You were on level 3 of the Dungeon.
You were hungry.

You visited 1 branch of the dungeon, and saw 3 of its levels.

You collected 90 gold pieces.

Inventory:

Hand Weapons
 a - a +1 dagger
 h - a +2 dagger of speed (weapon)
Armour
 b - a +0 robe (worn)
 f - a +0 naga barding (worn)
Jewellery
 t - an uncursed amulet of faith {unknown}
Wands
 v - a wand of digging (3)
Scrolls
 g - 4 scrolls of magic mapping {unknown}
 i - a scroll of enchant weapon {unknown}
 j - 2 scrolls of teleportation {unknown}
 o - a scroll of immolation {unknown}
 q - 3 scrolls of remove curse {unknown}
 s - a scroll of amnesia {unknown}
Potions
 e - a potion of cancellation {unknown}
 k - a potion of degeneration
 l - a potion of flight {unknown}
 m - a potion of heal wounds {unknown}
 n - a potion of curing
 r - a potion of lignification {unknown}
 u - a potion of haste {unknown}
Books
 c - a book of Maledictions

   Spells                             Type                      Level
   a - Corona                         Hexes                        1
   b - Ensorcelled Hibernation        Hexes/Ice                    2
   c - Confuse                        Hexes                        3
   d - Tukima's Dance                 Hexes                        3
   e - Dazzling Spray                 Conjuration/Hexes            3
Comestibles
 d - 6 rations
 p - 2 chunks of flesh


   Skills:
 - Level 1.3 Short Blades
 - Level 1.7 Dodging
 + Level 5.6 Stealth
 + Level 2.5 Spellcasting
 * Level 3.9 Hexes
 + Level 1.4 Ice Magic


You had 5 spell levels left.
You knew the following spells:

 Your Spells              Type           Power        Failure   Level  Hunger
a - Ensorcelled Hibernat  Hex/Ice        #.....       12%         2    ###....
b - Corona                Hex            ##.....      4%          1    #......


Dungeon Overview and Level Annotations

Branches:
Dungeon (3/15)

Altars:
Hepliaklqana
Kikubaaqudgha
Ru
Sif Muna


Innate Abilities, Weirdness & Mutations

You cannot wear boots.
Your serpentine skin is tough. (AC +1)
You have supernaturally acute eyesight. (SInv)
Armour fits poorly on your strangely shaped body.
Your system is resistant to poisons. (rPois)
You cover ground very slowly.
You have a slow metabolism.
You can spit poison.


Message History

The magic dart hits you!
* * * LOW HITPOINT WARNING * * *
Press: ? - help, Shift-Dir - straight line, f/p - orc wizard
Aim: an orc wizard, wielding a dagger and wearing a robe (almost dead)
You fail to use your ability.
The orc barely misses you. The orc hits you with a short sword.
* * * LOW HITPOINT WARNING * * *
The orc wizard points at you and mumbles some strange words.
The magic dart hits you!
* * * LOW HITPOINT WARNING * * *
Unknown command.
(D) Dungeon
Where to? (Enter - D:2 @ (x,y), ? - help)
Okay, then.
You closely miss the orc wizard.
The orc wizard is almost dead.
The orc hits you with a short sword.
* * * LOW HITPOINT WARNING * * *
The orc hits you with a flail of protection.
You die...

#.# #.# #.# #.#
#.##############
#.#......#.$....
#)).....o'......
###....oo#......
#....o@# .....
######## ..o.
... o. .


You could see an orc wizard and 3 orcs.

Vanquished Creatures
  An orc wizard (D:3)
  3 adders (D:2)
  A worm (D:2)
  A dart slug (D:1)
  A leopard gecko (D:2)
  An orc (D:3)
  3 giant cockroaches (D:1)
  2 goblins (D:1)
  7 hobgoblins
  8 jackals (D:1)
  3 kobolds
  A ball python (D:1)
  5 bats
  2 frilled lizards (D:2)
  6 rats
45 creatures vanquished.

Notes
Turn   | Place    | Note
-------+----------+-------------------------------------------
     0 | D:1      | sking99 the Naga Enchanter began the quest for the Orb.
     0 | D:1      | Reached XP level 1. HP: 15/15 MP: 3/3
   295 | D:1      | Reached XP level 2. HP: 19/22 MP: 3/5
   347 | D:1      | Reached skill level 5 in Stealth
   351 | D:1      | Learned a level 2 spell: Ensorcelled Hibernation
   799 | D:1      | Reached XP level 3. HP: 28/28 MP: 1/6
  1369 | D:2      | Reached skill level 1 in Ice Magic
  1408 | D:2      | Found a deep blue altar of Sif Muna.
  1409 | D:2      | Found a hazy altar of Hepliaklqana.
  1409 | D:2      | Found a sacrificial altar of Ru.
  1410 | D:2      | Found an ancient bone altar of Kikubaaqudgha.
  1467 | D:2      | Reached XP level 4. HP: 36/36 MP: 7/7
  2144 | D:3      | HP: 1/36 [orc/short sword (1)]
  2144 | D:3      | Slain by an orc

Skill      XL: |  1  2  3 |
---------------+----------+-----
Stealth        | 5 |  5.6
Ice Magic      | 1 |  1.4
Short Blades   | |  1.3
Dodging        | |  1.7
Spellcasting   | |  2.5
Hexes          | |  3.9

Action                   |  1- 3 |  4- 6 || total
-------------------------+-------+-------++-------
Melee: Dagger            |    83 |    46 ||   129
 Cast: Corona            |     4 |       ||     4
       Ensorcelled Hiber |    14 |    11 ||    25
 Abil: Spit Poison       |    15 |     3 ||    18
  Use: Potion            |       |     2 ||     2
 Stab: Sleeping          |    14 |     9 ||    23
       Distracted        |     1 |       ||     1
  Eat: Chunk             |     3 |     2 ||     5
Armor: Robe              |    37 |    13 ||    50
Dodge: Dodged            |    34 |    30 ||    64
